 Dungeon Crawl Stone Soup version 0.20.0-15-g7f486f2 (webtiles) character file.

116239 protoss039 the Severer (level 16, -6/151 HPs)
             Began as a Minotaur Monk on June 27, 2017.
             Was the Champion of Okawaru.
             Mangled by a battleaxe of electrocution (13 damage)
             ... on level 1 of the Elven Halls on June 28, 2017.
             The game lasted 02:04:54 (28655 turns).

protoss039 the Severer (Minotaur Monk)             Turns: 28655, Time: 02:04:55

Health: -6/151     AC: 20    Str: 20    XL:     16   Next: 20%
Magic:  20/20      EV:  9    Int:  7    God:    Okawaru [******]
Gold:   2418       SH:  0    Dex: 16    Spells: 15/15 levels left

rFire    + + .     SeeInvis +   F - +5 executioner's axe (drain)
rCold    + . .     Gourm    .   (shield currently unavailable)
rNeg     . . .     Faith    .   y - +0 plate armour {rC+}
rPois    +         Spirit   .   g - +1 hat {MR+}
rElec    .         Reflect  .   V - +1 cloak {rPois}
rCorr    .         Harm     .   A - +0 pair of gloves
MR       +++..                  o - +0 pair of boots
Stlth    ..........             (no amulet)
Regen    0.4/turn               b - ring of protection from fire
MPRegen  0.2/turn               O - ring of protection from fire

@: very slightly contaminated, invisible
A: retaliatory headbutt, horns 2, see invisible, deformed body, magic resistance
1, poison resistance
a: Heroism, Finesse, Renounce Religion


You were on level 1 of the Elven Halls.
You worshipped Okawaru.
Okawaru was exalted by your worship.
You were not hungry.

You visited 6 branches of the dungeon, and saw 26 of its levels.

You collected 2418 gold pieces.

Inventory:

Hand Weapons
 z - a +1 battleaxe of flaming
 F - a +5 executioner's axe of draining (weapon)
 I - the +14 obsidian axe {chop, +Fly SInv *Curse}
   (Okawaru gifted it to you on level 1 of the Lair of Beasts)

   It inflicts extra damage upon your enemies.
   It lets you see invisible.
   It lets you fly.
   It curses itself when equipped.
 Q - the +7 mace "Wiogut" {crush, rElec rPois}
   (Okawaru gifted it to you on level 3 of the Lair of Beasts)

   It inflicts extra damage upon your enemies.
   It insulates you from electricity.
   It protects you from poison.
 T - the +6 broad axe "Xorozi" {chop, Dex+3}
   (Okawaru gifted it to you on level 4 of the Lair of Beasts)

   It inflicts extra damage upon your enemies.
   It affects your dexterity (+3).
Missiles
 v - 4 tomahawks of returning
 J - 4 javelins of returning (quivered)
Armour
 g - a +1 hat of magic resistance (worn)
 o - a +0 pair of boots (worn)
 y - a +0 plate armour of cold resistance (worn)
 A - a +0 pair of gloves (worn)
 N - a +2 plate armour of poison resistance
 V - a +1 cloak of poison resistance (worn)
Jewellery
 b - a ring of protection from fire (left hand)
 n - an uncursed amulet of magic regeneration
 O - a ring of protection from fire (right hand)
Wands
 i - a wand of iceblast (14/15)
 D - a wand of disintegration (6/24)
 E - a wand of flame (13/48)
 H - a wand of iceblast (13/15)
Scrolls
 d - a scroll of fear
 e - 5 scrolls of magic mapping
 f - 3 scrolls of enchant weapon
 j - 9 scrolls of teleportation
 k - 8 scrolls of remove curse
 m - 2 scrolls of identify
 p - 2 scrolls of fog
 q - a scroll of recharging
 t - 2 scrolls of blinking
 w - a scroll of brand weapon
 B - 2 scrolls of silence
 M - 2 scrolls of enchant armour
 P - a scroll of holy word
Potions
 a - 3 potions of might
 s - 3 potions of agility
 u - 2 potions of mutation
 x - a potion of ambrosia
 G - a potion of magic
 K - 3 potions of curing
 L - a potion of haste
 R - a potion of cancellation
 S - a potion of invisibility
Comestibles
 c - 17 bread rations
 h - 10 meat rations
 l - 23 fruits
 r - 13 royal jellies
 C - 10 chunks of flesh


   Skills:
 + Level 15.9 Fighting
 * Level 20.2 Axes
 + Level 17.6 Armour
 - Level 3.2 Dodging
 - Level 1.5 Stealth
   Level 9.7 Shields
 - Level 7.4 Invocations


You had 15 spell levels left.
You didn't know any spells.

Dungeon Overview and Level Annotations

Branches:
Dungeon (15/15)            Temple (1/1) D:6            Lair (6/6) D:9
 Shoals (1/4) Lair:2        Snake (0/4) Lair:3        Slime (0/5) Lair:5
    Orc (2/2) D:10            Elf (1/3) Orc:2        Vaults (0/5) D:13
 Depths (0/5) D:15

Altars:
Ashenzari
Cheibriados
Dithmenos
Elyvilon
Fedhas
Gozag
Hepliaklqana
Kikubaaqudgha
Makhleb
Nemelex Xobeh
Okawaru
Qazlal
Ru
Sif Muna
Trog
Uskayaw
Vehumet
Xom
Yredelemnul
Zin
The Shining One
Beogh

Shops:
D:5 :!?*}   D:11 %   Orc:2 [=*(

Annotations:
D:5 1 exclusion
D:7 Maurice
D:10 4 exclusions
D:12 exclusion: 2 downstairs


Innate Abilities, Weirdness & Mutations

You reflexively headbutt those who attack you in melee.
You have a pair of horns on your head.
You have supernaturally acute eyesight. (SInv)
Armour fits poorly on your strangely shaped body.
You are resistant to hostile enchantments. (MR+)
Your system is resistant to poisons. (rPois)


Message History

Unknown command.
Unknown command.
Blink to where?
Press: ? - help, Dir - move target cursor, p - battleaxe of electrocution
As you read the scroll of blinking, it crumbles to dust.
Unknown command.
Found a scroll of recharging.
An earth elemental comes into view.
Okay, then.
Press: ? - help, v - describe, . - travel
Here: an earth elemental The floor.
Okay, then.
Press: ? - help, v - describe, . - travel
Here: an earth elemental The floor.
You fade into invisibility!
Unknown command.
The battleaxe of electrocution hits you!
You die...

.#. ##.##
#..ยง...#...... ... .#
##.#.######.###. ...#.
#.. #.###.# #.#..
..... . ..
##.#.######(#.#..#+#..
####..###...[#)..##.#
#..........#)()..'%:[
#.###.#..#...#...##.#
# ##....###(#.#..#
..E.....@.#.. ....
##.....###.###. ...
.......# #... .. ..
###.##### #.#.# ## #
#. #..... ### #.+ .?.
..


You could see an earth elemental and a battleaxe of electrocution.

Vanquished Creatures
  Gastronok (Lair:2)
  2 deep elf sorcerers (Elf:1)
  Josephine (D:10)
  The ghost of Baril the Thaumaturge, a journeyman DESu of Sif Muna (D:13)
  An ogre mage (D:15)
  8 hydras
  An alligator snapping turtle (Shoals:1)
  3 centaur warriors
  A catoblepas (Lair:6)
  11 two-headed ogres
  2 dancing weapons (Elf:1)
  A deep troll shaman (Lair:6)
  7 death yaks
  2 tengu warriors
  2 orc high priests (Orc:2)
  3 deep elf knights (Elf:1)
  2 unseen horrors
  2 deep elf archers (Elf:1)
  A lindwurm (Lair:6)
  3 orc knights
  Pikel (D:8)
  2 ugly things (D:11)
  22 deep elf magi
  A salamander (shapeshifter) (D:15)
  6 orc sorcerers
  A manticore (D:12)
  2 cyclopes
  5 black mambas
  3 elephants (Lair:6)
  A naga mage (D:15)
  A gargoyle (D:13)
  A torpor snail (Lair:3)
  18 spiny frogs
  Joseph (D:10)
  6 komodo dragons
  2 rime drakes (Lair:4)
  A merfolk (Lair:2)
  7 trolls
  A tengu conjurer (D:13)
  2 polar bears (Lair:6)
  9 hippogriffs
  A hornet (D:13)
  18 dream sheep
  25 slime creatures
  20 blink frogs
  6 spriggans (Lair:1)
  Sigmund (D:5)
  46 yaks
  2 shadows
  7 wraiths
  3 wyverns
  16 humans (D:13)
  9 basilisks
  A hungry ghost (D:13)
  7 vampire mosquitoes
  Edmund (D:5)
  2 wargs (Orc:2)
  A soldier ant (D:14)
  3 nagas (Lair:3)
  An acid dragon (D:12)
  Duvessa (D:7)
  13 water moccasins
  20 porcupines
  2 phantoms
  2 slaves (D:8)
  2 ice beasts (D:14)
  4 sky beasts
  3 black bears
  16 ogres
  31 orc warriors
  A necrophage (D:10)
  12 wolves
  19 centaurs
  14 crocodiles
  5 big kobolds
  3 gnoll sergeants (D:10)
  21 bullfrogs
  A wyvern zombie (D:14)
  10 scorpions
  Dowan (D:7)
  17 killer bees
  An electric eel (Lair:2)
  5 wights (D:10)
  3 howler monkeys
  4 centaur zombies
  3 crimson imps
  A bullfrog zombie (D:12)
  3 bullfrog skeletons
  8 hounds
  15 jellies
  2 quasits
  20 orc priests
  5 centaur skeletons
  30 orc wizards
  Ijyb (D:3)
  2 iguanas
  11 worker ants
  A hound zombie (D:5)
  A hound skeleton (D:5)
  13 gnolls
  12 adders
  A shadow imp (D:11)
  12 oozes
  An adder zombie (D:6)
  A worm (D:2)
  A dart slug (D:2)
  3 leopard geckos
  99 orcs
  2 ball pythons
  2 bat zombies (D:5)
  9 giant cockroaches
  5 goblins
  12 hobgoblins
  10 jackals
  25 kobolds
  5 quokkas
  8 bats
  3 frilled lizards (D:2)
  A giant cockroach zombie (D:6)
  A jackal skeleton (D:4)
  2 leopard gecko zombies
  10 rats
  2 rat zombies (D:5)
  5 fungi
  7 plants
884 creatures vanquished.

Vanquished Creatures (collateral kills)
  Saint Roka (Orc:2)
  Harold (Lair:2)
  Urug (Orc:2)
  3 blink frogs
  4 yaks
  2 porcupines (Lair:3)
  5 orc warriors (Orc:2)
  2 wolves (Lair:3)
  4 orc priests (Orc:2)
  3 orc wizards (Orc:2)
  2 orcs (Orc:2)
28 creatures vanquished.

Vanquished Creatures (others)
  7 fungi
  7 plants
  8 toadstools (D:3)
22 creatures vanquished.

Grand Total: 934 creatures vanquished

Notes
Turn   | Place    | Note
-------+----------+-------------------------------------------
     0 | D:1      | protoss039 the Minotaur Monk began the quest for the Orb.
     0 | D:1      | Reached XP level 1. HP: 19/19 MP: 0/0
    47 | D:1      | Reached skill level 1 in Armour
   202 | D:1      | Reached XP level 2. HP: 27/27 MP: 1/1
   259 | D:1      | Reached skill level 4 in Axes
   566 | D:1      | Reached XP level 3. HP: 32/33 MP: 2/2
   933 | D:2      | Reached XP level 4. HP: 30/41 MP: 3/3
  1077 | D:2      | Reached skill level 5 in Axes
  1637 | D:3      | Noticed Ijyb
  1660 | D:3      | Killed Ijyb
  1660 | D:3      | Reached skill level 1 in Shields
  1660 | D:3      | Reached XP level 5. HP: 43/47 MP: 4/4
  1760 | D:3      | Found a radiant altar of Vehumet.
  1760 | D:3      | Found a shadowy altar of Dithmenos.
  1760 | D:3      | Found an iron altar of Okawaru.
  1768 | D:3      | Became a worshipper of Warmaster Okawaru
  1768 | D:3      | Reached * piety under Okawaru
  1768 | D:3      | Reached ** piety under Okawaru
  1797 | D:3      | Found a snail-covered altar of Cheibriados.
  1932 | D:3      | Reached skill level 5 in Fighting
  2204 | D:3      | Reached XP level 6. HP: 50/56 MP: 5/5
  2340 | D:3      | Found a sparkling altar of Nemelex Xobeh.
  2638 | D:4      | Reached skill level 6 in Axes
  3171 | D:4      | Reached XP level 7. HP: 54/61 MP: 6/6
  3456 | D:4      | Reached *** piety under Okawaru
  3517 | D:4      | Reached skill level 7 in Axes
  3520 | D:4      | Got a fine dagger {pierce}
  3527 | D:4      | Identified the +1 dagger of Growth {pierce, Int+8} (You took it off an orc wizard on level 4 of the Dungeon)
  3697 | D:5      | Entered Level 5 of the Dungeon
  3697 | D:5      | Found Voptegg's Gadget Boutique.
  3715 | D:5      | Reached skill level 1 in Invocations
  3739 | D:5      | Noticed Edmund
  3946 | D:5      | Found Evyfercha's Distillery.
  3961 | D:5      | Reached skill level 5 in Armour
  3991 | D:5      | You fall through a shaft for 2 floors!
  4021 | D:7      | Reached XP level 8. HP: 68/70 MP: 8/8
  4154 | D:5      | Found Zuzerr's Magic Scroll Emporium.
  4259 | D:5      | Noticed Sigmund
  4289 | D:5      | Reached skill level 5 in Shields
  4324 | D:5      | Killed Sigmund
  4324 | D:5      | Reached **** piety under Okawaru
  4324 | D:5      | Received a gift from Okawaru
  4605 | D:5      | Killed Edmund
  4820 | D:5      | Found an ancient bone altar of Kikubaaqudgha.
  4843 | D:5      | Found Ygingul's Book Shoppe.
  4933 | D:5      | Found Gususmoz's Assorted Antiques.
  5060 | D:6      | Reached skill level 8 in Axes
  5351 | D:6      | Reached XP level 9. HP: 43/78 MP: 9/11
  5732 | D:6      | Found a hide-covered altar of Uskayaw.
  5946 | D:6      | Found a staircase to the Ecumenical Temple.
  5958 | Temple   | Entered the Ecumenical Temple
  6480 | D:7      | Noticed Dowan
  6488 | D:7      | Got a ripped robe
  6507 | D:7      | Killed Dowan
  6661 | D:7      | Noticed Duvessa
  6691 | D:7      | Killed Duvessa
  6693 | D:7      | Gained mutation: Your magical capacity is low. (-10% MP) [potion of mutation]
  6693 | D:7      | Gained mutation: Your movements are slightly less encumbered by armour. (ER -2) [potion of mutation]
  6693 | D:7      | Gained mutation: You are resistant to hostile enchantments. (MR+) [potion of mutation]
  7121 | D:7      | Reached skill level 5 in Invocations
  7206 | D:7      | HP: 2/118 [yak (9)]
  7717 | D:7      | Reached ***** piety under Okawaru
  7828 | D:8      | Noticed a two-headed ogre
  7873 | D:8      | HP: 1/79 [two-headed ogre/dire flail (12)]
  7884 | D:7      | Killed a two-headed ogre
  7884 | D:7      | Reached XP level 10. HP: 10/88 MP: 12/12
  8225 | D:8      | Reached skill level 9 in Axes
  8303 | D:8      | Noticed Maurice
  8825 | D:8      | Noticed Pikel
  8854 | D:8      | Killed Pikel
  9367 | D:8      | Gained mutation: You have supernaturally acute eyesight. (SInv) [mutagenic meat]
  9368 | D:8      | Gained mutation: You have large cloven feet. [mutagenic meat]
  9369 | D:8      | Gained mutation: You have a pair of large horns on your head. [mutagenic meat]
  9727 | D:9      | Reached ****** piety under Okawaru
  9795 | D:9      | Received a gift from Okawaru
  9820 | D:9      | Found a staircase to the Lair.
 10042 | D:9      | Noticed a two-headed ogre
 10052 | D:9      | Killed a two-headed ogre
 10052 | D:9      | Reached skill level 10 in Armour
 10052 | D:9      | Reached XP level 11. HP: 31/95 MP: 13/13
 10314 | D:10     | Entered Level 10 of the Dungeon
 10395 | D:10     | Reached skill level 10 in Axes
 10638 | D:10     | Found a hazy altar of Hepliaklqana.
 10680 | D:10     | Found a staircase to the Orcish Mines.
 10955 | D:10     | Identified the +1 robe of Surprise {+Blink rF- rN+++ Regen+} (You found it on level 7 of the Dungeon)
 11038 | D:10     | Received a gift from Okawaru
 11041 | D:10     | Got a slimy robe {god gift}
 11052 | D:10     | Identified the +2 robe "Winuiree" {Str+4} (Okawaru gifted it to you on level 10 of the Dungeon)
 11084 | D:10     | Noticed Josephine
 11093 | D:10     | Killed Josephine
 11099 | D:10     | Reached skill level 11 in Axes
 11426 | D:10     | Noticed Joseph
 11434 | D:10     | Killed Joseph
 11580 | D:11     | Noticed a two-headed ogre
 11677 | D:11     | Noticed a two-headed ogre
 11683 | D:11     | Killed a two-headed ogre
 11881 | D:11     | Noticed a purple ugly thing
 11882 | D:11     | Noticed a purple ugly thing
 11903 | D:11     | Killed a purple ugly thing
 11903 | D:11     | Reached skill level 10 in Fighting
 11910 | D:11     | Killed a purple ugly thing
 12043 | D:11     | Noticed a two-headed ogre
 12068 | D:11     | Killed a two-headed ogre
 12068 | D:11     | Reached XP level 12. HP: 94/106 MP: 14/14
 12076 | D:11     | Reached skill level 12 in Axes
 12148 | D:11     | Noticed an eight-headed hydra
 12411 | D:11     | Found Duwi's Food Shop.
 13243 | D:12     | Received a gift from Okawaru
 13402 | D:12     | Reached skill level 13 in Axes
 14228 | D:13     | Found a gate to the Vaults.
 14228 | D:13     | Noticed a centaur warrior
 14228 | D:13     | Noticed a four-headed hydra
 14228 | D:13     | Noticed a two-headed ogre
 14252 | D:13     | Noticed Baril's ghost (journeyman DESu)
 14275 | D:12     | Killed a centaur warrior
 14495 | D:13     | Killed Baril's ghost
 14779 | D:13     | Killed a two-headed ogre
 14779 | D:13     | Reached XP level 13. HP: 100/116 MP: 15/15
 14920 | D:13     | Reached skill level 14 in Axes
 15262 | D:13     | Found a roughly hewn altar of Beogh.
 15761 | D:13     | Received a gift from Okawaru
 16286 | D:14     | Reached skill level 15 in Axes
 16552 | D:14     | Found a stormy altar of Qazlal.
 16801 | D:14     | Reached skill level 15 in Armour
 17007 | D:15     | Entered Level 15 of the Dungeon
 17046 | D:15     | Received a gift from Okawaru
 17050 | D:15     | Gained mutation: You are partially covered in molten scales. (AC +2) [mutagenic meat]
 17051 | D:15     | Gained mutation: You are highly resistant to hostile enchantments. (MR++) [mutagenic meat]
 17620 | D:15     | Reached skill level 16 in Axes
 17626 | D:15     | Reached XP level 14. HP: 73/129 MP: 14/16
 17648 | D:15     | Found a staircase to the Depths.
 18147 | Lair:1   | Entered Level 1 of the Lair of Beasts
 18963 | Lair:1   | Received a gift from Okawaru
 19071 | Lair:2   | Noticed Harold
 19086 | Lair:2   | Killed Harold
 19341 | Lair:2   | Noticed Gastronok
 19355 | Lair:2   | Killed Gastronok
 19355 | Lair:2   | Reached skill level 17 in Axes
 19698 | Lair:2   | Found a staircase to the Shoals.
 20151 | Lair:3   | Received a gift from Okawaru
 20154 | Lair:3   | Got an ichor-stained mace {god gift}
 20438 | Lair:3   | Found a staircase to the Snake Pit.
 21055 | Lair:4   | Received a gift from Okawaru
 21068 | Lair:4   | Got a scorched broad axe {god gift}
 21081 | Lair:4   | Identified a scroll of acquirement
 21153 | Lair:4   | Identified the +7 mace "Wiogut" {crush, rElec rPois} (Okawaru gifted it to you on level 3 of the Lair of Beasts)
 21154 | Lair:4   | Identified the +6 broad axe "Xorozi" {chop, Dex+3} (Okawaru gifted it to you on level 4 of the Lair of Beasts)
 21418 | Lair:4   | You fall through a shaft for 2 floors!
 21418 | Lair:6   | Entered Level 6 of the Lair of Beasts
 21430 | Lair:6   | Reached skill level 18 in Axes
 21438 | Lair:6   | Reached XP level 15. HP: 50/139 MP: 17/17
 21744 | Lair:5   | Found a staircase to the Slime Pits.
 21860 | Lair:5   | Found a white marble altar of Elyvilon.
 23451 | Lair:6   | Received a gift from Okawaru
 23763 | Lair:6   | Reached skill level 15 in Fighting
 24276 | Lair:6   | Reached skill level 19 in Axes
 24705 | Orc:1    | Entered Level 1 of the Orcish Mines
 25030 | Orc:1    | Found a roughly hewn altar of Beogh.
 25316 | Orc:2    | Entered Level 2 of the Orcish Mines
 25362 | Orc:2    | Received a gift from Okawaru
 25727 | Orc:2    | Noticed Urug
 25728 | Orc:2    | Noticed Saint Roka
 25745 | Orc:2    | Killed Saint Roka
 25751 | Orc:2    | Killed Urug
 25763 | Orc:2    | Found a roughly hewn altar of Beogh.
 25768 | Orc:2    | HP: 3/141 [orc knight/enchanted bardiche (30)]
 26251 | Orc:2    | Found a roughly hewn altar of Beogh.
 26292 | Orc:2    | Found a staircase to the Elven Halls.
 26588 | Orc:2    | Found Hiunuoj's Antique Armour Shoppe.
 26602 | Orc:2    | Found Wyubonlu's Jewellery Shoppe.
 26618 | Orc:2    | Found Zaum's Antique Weapon Shoppe.
 26635 | Orc:2    | Found Botibbyg's General Store.
 26841 | Orc:2    | Lost mutation: You have a pair of large horns on your head. [potion of mutation]
 26841 | Orc:2    | Lost mutation: Your movements are slightly less encumbered by armour. (ER -2) [potion of mutation]
 26841 | Orc:2    | Lost mutation: You have large cloven feet. [potion of mutation]
 26841 | Orc:2    | Lost mutation: Your magical capacity is low. (-10% MP) [potion of mutation]
 26841 | Orc:2    | Lost mutation: You are highly resistant to hostile enchantments. (MR++) [potion of mutation]
 26841 | Orc:2    | Lost mutation: You are partially covered in molten scales. (AC +2) [potion of mutation]
 26841 | Orc:2    | Gained mutation: Armour fits poorly on your strangely shaped body. [potion of mutation]
 26841 | Orc:2    | Gained mutation: Your system is resistant to poisons. (rPois) [potion of mutation]
 27171 | Shoals:1 | Entered Level 1 of the Shoals
 27621 | Elf:1    | Entered Level 1 of the Elven Halls
 27805 | Elf:1    | Found a radiant altar of Vehumet.
 28016 | Elf:1    | Reached XP level 16. HP: 147/150 MP: 20/20
 28434 | Elf:1    | Reached skill level 20 in Axes
 28636 | Elf:1    | Received a gift from Okawaru
 28650 | Elf:1    | HP: 5/151 [battleaxe of electrocution (17)]
 28655 | Elf:1    | Mangled by a battleaxe of electrocution

Skill      XL: |  1  2  3  4  5  6  7  8  9 10 11 12 13 14 15 16 |
---------------+-------------------------------------------------+-----
Armour         | 1 2 3 5 6 8 10 12 14 15 16 17 | 17.6
Axes           | 4 5 6 7 8 9 11 13 16 18 19 20 | 20.2
Fighting       | 4 5 6 7 8 10 11 13 14 15 | 15.9
Shields        | 1 2 3 4 6 8 9 |  9.7
Invocations    | 2 4 6 7 |  7.4
Dodging        | |  3.2
Stealth        | |  1.5

Action                   |  1- 3 |  4- 6 |  7- 9 | 10-12 | 13-15 | 16-18 || total
-------------------------+-------+-------+-------+-------+-------+-------++-------
Melee: Hand axe          |    97 |   238 |   501 |   244 |       |       ||  1080
       Headbutt          |    14 |    41 |   122 |   143 |   198 |    10 ||   528
       Executioner's axe |       |       |       |   381 |   708 |    56 ||  1145
       Broad axe         |       |       |       |       |   239 |       ||   239
       Mace              |       |       |       |       |    15 |       ||    15
       Battleaxe         |       |       |       |       |     7 |       ||     7
Throw: Javelin           |       |       |    14 |     3 |       |     2 ||    19
       Tomahawk          |       |       |     2 |       |       |       ||     2
Invok: Finesse           |       |       |       |     1 |     2 |       ||     3
       Heroism           |       |       |       |       |     3 |       ||     3
Evoke: Wand              |       |       |       |     1 |     3 |       ||     4
  Use: Scroll            |       |     5 |     8 |     2 |    19 |     2 ||    36
       Potion            |       |     1 |    19 |     3 |     9 |     2 ||    34
 Stab: Confused          |       |       |       |       |     1 |       ||     1
       Distracted        |       |       |       |       |     3 |       ||     3
  Eat: Chunk             |       |     8 |    15 |    29 |    45 |     2 ||    99
       Royal jelly       |       |       |       |       |     1 |       ||     1
Armor: Robe              |     6 |       |       |       |       |       ||     6
       Scale mail        |    42 |    42 |       |       |       |       ||    84
       Chain mail        |       |    28 |       |       |       |       ||    28
       Plate armour      |       |     9 |   283 |   458 |   770 |    23 ||  1543
       Skin              |       |       |     9 |       |       |       ||     9
Dodge: Dodged            |    49 |    77 |   108 |   343 |   506 |    22 ||  1105
Block: Buckler           |    21 |    84 |   172 |    91 |       |       ||   368
